 Dungeon Crawl Stone Soup version 0.27.1-33-g824d729ab1 (webtiles) character file.

Game seed: 4578496913798846005

7018 Rhonda the Cruncher (level 10, -8/83 HPs)
             Began as a Purple Draconian Gladiator on Dec 25, 2021.
             Was a Priest of Makhleb.
             Mangled by an orc warlord (28 damage)
             ... on level 1 of the Orcish Mines.
             The game lasted 00:55:09 (8355 turns).

Rhonda the Cruncher (Purple Draconian Gladiator)    Turns: 8355, Time: 00:55:11

Health: -8/83      AC:  8    Str: 21    XL:     10   Next: 82%
Magic:  10/10      EV: 18    Int: 12    God:    Makhleb [***...]
Gold:   690        SH:  0    Dex: 14    Spells: 9/9 levels left

rFire    . . .     SeeInvis .   g - +2 lajatang (spect)
rCold    + . .     Faith    .   (shield currently unavailable)
rNeg     . . .     Spirit   .   (armour unavailable)
rPois    +         Reflect  .   b - +1 hat
rElec    .         Harm     .   (no cloak)
rCorr    +         Rampage  .   (no gloves)
Will     +....                  (no boots)
Stlth    +++.......             (no amulet)
HPRegen  0.23/turn              c - ring of Ivuqutag {Contam rPois rC+ EV+4 Int+4 Slay+2}
MPRegen  0.12/turn              h - ring "Haibitih" {rPois rCorr Str+2}

@: no status effects
A: breathe power, AC +7, unfitting armour, cold-blooded
a: Breathe Dispelling Energy, Renounce Religion, Minor Destruction, Lesser
Servant of Makhleb


You were on level 1 of the Orcish Mines.
You worshipped Makhleb.
Makhleb was most pleased with you.
You visited 3 branches of the dungeon, and saw 12 of its levels.

You collected 810 gold pieces.
You spent 120 gold pieces at shops.

Inventory:

Hand Weapons
 d - a +0 shortbow
 g - a +2 spectral lajatang (weapon)
 l - a +2 hand crossbow of freezing
Missiles
 e - 128 arrows
 n - 7 boomerangs (quivered)
 x - 3 javelins
 y - 2 curare-tipped darts
Armour
 b - a +1 hat (worn)
Jewellery
 c - the ring of Ivuqutag (left hand) {Contam rPois rC+ EV+4 Int+4 Slay+2}
   (You acquired it on level 3 of the Dungeon)

   [ring of evasion]

   EV:        It affects your evasion (+4).
   Int:       It affects your intelligence (+4).
   Slay:      It affects your accuracy & damage with ranged weapons and melee
   (+2).
   rC:        It protects you from cold.
   rPois:     It protects you from poison.
   Contam:    It causes magical contamination when unequipped.
 h - the ring "Haibitih" (right hand) {rPois rCorr Str+2}
   (You acquired it on level 3 of the Dungeon)

   [ring of poison resistance]

   Str:       It affects your strength (+2).
   rPois:     It protects you from poison.
   rCorr:     It protects you from acid and corrosion.
 j - a ring of poison resistance
 r - a ring of wizardry
 s - a +4 ring of protection
Wands
 A - a wand of iceblast (4)
 D - a wand of acid (2)
Scrolls
 i - 6 scrolls of teleportation
 k - a scroll of vulnerability
 q - 2 scrolls of enchant armour
 B - a scroll of silence {unknown}
Potions
 f - a potion of resistance
 m - 2 potions of lignification
 o - a potion of flight
 p - 4 potions of curing
 t - a potion of cancellation {unknown}
 u - 2 potions of ambrosia
 v - a potion of magic
 z - a potion of brilliance


   Skills:
 + Level 6.1 Fighting
 + Level 10.7 Staves
 + Level 8.8 Throwing
 + Level 5.4 Dodging
 + Level 5.0 Stealth
 + Level 0.1 Invocations
 + Level 1.9 Evocations


You had 9 spell levels left.
You didn't know any spells.
Your spell library contained the following spells:

 Spells                   Type           Power      Damage    Failure   Level
 Static Discharge         Conj/Air       0%         N/A       45%         2
 Dispel Undead            Necr           0%         3d6       97%         4
 Sticky Flame             Conj/Fire      0%         2d3       97%         4


Dungeon Overview and Level Annotations

Branches:
Dungeon (9/15)             Temple (1/1) D:5             Orc (2/2) D:9
   Lair: D:8-11         Elf: Orc:2

Altars:
Ashenzari
Cheibriados
Elyvilon
Fedhas
Gozag
Kikubaaqudgha
Makhleb
Nemelex Xobeh
Okawaru
Ru
Uskayaw
Vehumet
Wu Jian
Yredelemnul

Shops:
D:5 (   D:6 !

Annotations:
D:3 4 runed translucent doors, halfoni's ghost, amateur HuBe; potato4science's ghost, weakling KoEn


Innate Abilities, Weirdness & Mutations

You can breathe bolts of dispelling energy.
Your rich purple scales are hard. (AC +7)
You cannot fit into any form of body armour.
You are cold-blooded and may be slowed by cold attacks.


Message History

Throw: 7 boomerangs
Press: ? - help, Q - select action, (/) - cycle Shift-Dir - straight line, f/p - orc warlord
Aim: an orc warlord, wielding a +0 great sword of holy wrath and wearing a +2 chain mail of willpower (lightly wounded, 74% to hit)
You throw a boomerang.
The boomerang hits the orc warlord but does no damage.
The orc warlord is lightly wounded.
Throw: 7 boomerangs
Press: ? - help, Q - select action, (/) - cycle Shift-Dir - straight line, f/p - orc warlord
Aim: an orc warlord, wielding a +0 great sword of holy wrath and wearing a +2 chain mail of willpower (lightly wounded, 74% to hit)
You throw a boomerang. The boomerang hits the orc warlord!
The orc warlord is moderately wounded.
Throw: 7 boomerangs
Press: ? - help, Q - select action, (/) - cycle Shift-Dir - straight line, f/p - orc warlord
Aim: an orc warlord, wielding a +0 great sword of holy wrath and wearing a +2 chain mail of willpower (moderately wounded, 74% to hit)
You throw a boomerang. The boomerang hits the orc warlord!
The orc warlord is moderately wounded.
The orc warlord roars a battlecry!
The orc warlord hits you with a +0 great sword of holy wrath!
You feel much better.
The orc warlord hits you with a +0 great sword of holy wrath!
You barely miss the orc warlord.
You tail-slap the orc warlord, but do no damage.
The orc warlord is moderately wounded.
Your +2 spectral lajatang barely misses the orc warlord.
The orc warlord misses you.
You hit the orc warlord but do no damage.
The orc warlord is moderately wounded.
Your +2 spectral lajatang hits the orc warlord!
The orc warlord hits you with a +0 great sword of holy wrath!!
* * * LOW HITPOINT WARNING * * *
Unknown command.
Okay, then.
You hit the orc warlord but do no damage.
The orc warlord is heavily wounded.
Your +2 spectral lajatang barely misses the orc warlord.
The orc seems to regain its courage.
The orc misses your +2 spectral lajatang.
The orc barely misses you.
The orc warlord hits you with a +0 great sword of holy wrath!!
You die...

# ##### # ##.#.## #
#.....# ### ##...##
##)####..#.## ##
#))<#.......## ##.
##)>#....#....## #..
##.(@o...##.....#
##.
#.oo##..#####..## #.
##)####..###....# ##
#.# ##.......######
##.######....#####..
# #..#.#.##....#
#.#.##
##.#...#...######
#..... #...)...#.##
##..... ##...#.....#
##......


You could see an orc warlord, 2 orcs and a friendly +2 spectral lajatang
(summoned).

Vanquished Creatures
  A two-headed ogre (D:6)
  The ghost of MeowMasterZ the Skirmisher, a novice FoSu of Cheibriados (D:7)
  Pikel (D:6)
  A troll (D:8)
  Prince Ribbit (D:7)
  Sigmund (D:2)
  A warg (Orc:1)
  A water moccasin (D:8)
  3 orc warriors
  A black bear (D:5)
  A hornet zombie (D:7)
  10 ogres
  4 centaurs
  3 kobold brigands
  2 phantoms
  A bullfrog (D:9)
  2 gnoll sergeants
  3 scorpions
  2 water moccasin zombies (D:6)
  9 wights
  5 howler monkeys
  A bullfrog zombie (D:6)
  8 hounds
  2 centaur zombies
  A jelly (D:6)
  A human zombie (D:6)
  14 orc priests
  2 gnoll shamans (D:8)
  A bullfrog skeleton (D:6)
  An iguana (D:5)
  8 orc wizards
  A scorpion zombie (D:3)
  4 mummies (D:6)
  2 howler monkey zombies
  7 adders
  9 gnolls
  3 worms
  4 dart slugs
  35 orcs
  6 endoplasms
  2 giant cockroaches
  8 goblins
  9 hobgoblins
  8 jackals
  A quokka (D:2)
  5 ball pythons
  6 bats
  5 frilled lizards
  A jackal zombie (D:3)
  23 kobolds
  3 rats
235 creatures vanquished.

Vanquished Creatures (collateral kills)
  An ogre (Orc:1)
  An orc (Orc:1)
2 creatures vanquished.

Vanquished Creatures (others)
  38 plants (D:8)
38 creatures vanquished.

Grand Total: 275 creatures vanquished

Notes
Turn   | Place    | Note
-------+----------+-------------------------------------------
     0 | D:1      | Rhonda the Draconian Gladiator began the quest for the Orb.
     0 | D:1      | Reached XP level 1. HP: 17/17 MP: 1/1
   184 | D:1      | Reached XP level 2. HP: 18/24 MP: 2/2
   507 | D:2      | Noticed Sigmund
   522 | D:2      | Killed Sigmund
   523 | D:2      | Reached skill level 4 in Staves
   523 | D:2      | Reached XP level 3. HP: 21/30 MP: 3/3
   523 | D:2      | Reached XP level 4. HP: 27/37 MP: 4/4
   523 | D:2      | Reached XP level 5. HP: 32/44 MP: 5/5
  1164 | D:3      | Identified a scroll of acquirement
  1165 | D:3      | Acquired the ring of Ivuqutag {Contam rPois rC+ EV+4 Int+4
                  | Slay+2}
  1170 | D:3      | Found a faded altar of an unknown god.
  1241 | D:3      | Acquired the ring "Haibitih" {rPois rCorr Str+2}
  1244 | D:3      | Acquired a +1 spectral lajatang
  1302 | D:3      | Found a sacrificial altar of Ru.
  1302 | D:3      | Noticed an ogre
  1312 | D:3      | Killed an ogre
  1313 | D:3      | Reached XP level 6. HP: 48/51 MP: 6/6
  1405 | D:3      | Found an iron altar of Okawaru.
  1432 | D:3      | Found a runed translucent gate.
  1432 | D:3      | Found a runed translucent gate.
  1432 | D:3      | Found a runed translucent gate.
  1432 | D:3      | Noticed halfoni's ghost (amateur HuBe)
  1435 | D:3      | Found a basalt altar of Yredelemnul.
  1522 | D:3      | Reached skill level 5 in Staves
  1566 | D:3      | Noticed a steam dragon
  1567 | D:3      | Found a runed translucent door.
  1567 | D:3      | Noticed potato4science's ghost (weakling KoEn)
  2018 | D:4      | Reached skill level 1 in Stealth
  2101 | D:4      | Found a hide-covered altar of Uskayaw.
  2125 | D:4      | Your scales start taking on a rich purple colour.
  2125 | D:4      | Reached XP level 7. HP: 50/57 MP: 7/7
  2393 | D:5      | Entered Level 5 of the Dungeon
  2418 | D:5      | Found a staircase to the Ecumenical Temple.
  2432 | D:5      | Reached skill level 6 in Staves
  2477 | Temple   | Entered the Ecumenical Temple
  2506 | Temple   | Became a worshipper of Makhleb the Destroyer
  2607 | D:5      | Reached skill level 5 in Throwing
  2607 | D:5      | Reached XP level 8. HP: 66/66 MP: 8/8
  2816 | D:5      | Found a radiant altar of Vehumet.
  2960 | D:5      | Found Qeppat's Weapon Shoppe.
  3355 | D:6      | Noticed a two-headed ogre
  3367 | D:6      | Killed a two-headed ogre
  3368 | D:6      | Reached skill level 7 in Staves
  3818 | D:6      | Found an ancient bone altar of Kikubaaqudgha.
  3839 | D:6      | Reached XP level 9. HP: 72/72 MP: 9/9
  4013 | D:6      | Reached skill level 8 in Staves
  4414 | D:6      | Found Axivifiu's Distillery.
  4422 | D:6      | Bought a potion of berserk rage for 60 gold pieces
  4422 | D:6      | Bought a potion of heal wounds for 60 gold pieces
  4515 | D:6      | Noticed Pikel
  4817 | D:6      | Killed Pikel
  4818 | D:6      | Reached skill level 5 in Dodging
  5053 | D:7      | Reached skill level 9 in Staves
  5136 | D:7      | Reached skill level 5 in Fighting
  5142 | D:7      | Reached * piety under Makhleb
  5182 | D:7      | Noticed Prince Ribbit
  5188 | D:7      | Killed Prince Ribbit
  6039 | D:7      | Found a runed translucent door.
  6042 | D:7      | Noticed MeowMasterZ's ghost (novice FoSu)
  6055 | D:7      | Killed MeowMasterZ's ghost
  6056 | D:7      | Reached XP level 10. HP: 76/81 MP: 10/10
  6285 | D:8      | Reached skill level 10 in Staves
  6673 | D:8      | Reached ** piety under Makhleb
  7292 | D:9      | Reached skill level 1 in Evocations
  7472 | D:9      | Reached *** piety under Makhleb
  7692 | D:9      | Found a staircase to the Orcish Mines.
  7960 | Orc:1    | Entered Level 1 of the Orcish Mines
  8178 | Orc:2    | Entered Level 2 of the Orcish Mines
  8327 | Orc:2    | Noticed an orc warlord
  8331 | Orc:1    | Reached skill level 5 in Stealth
  8355 | Orc:1    | Mangled by an orc warlord

Illustrated notes

Levels and vault maps discovered:
D:1:      mainiacjoe_arrival_reflecting_pool, layout_basic
D:2:      layout_rooms, uniq_sigmund
D:3:      layout_loops_cross, nicolae_yredelemnul_ghost_church,
          mainiacjoe_overflow_catch_the_wave, ebering_ghost_inner_flame,
          shapermc_ecumenical_altar_venn, hangedman_glass_teeth
D:4:      layout_rooms, kennysheep_little_box, minmay_stone_trees_small
D:5:      cheibrodos_iron_armory, layout_loops_ring, overflow_temple_1_default,
          minmay_temple_entry_ruins, serial_shops, kennysheep_mini,
          mrwooster_statue_mirror
D:6:      layout_basic, lemuel_mausoleum_altar_kikubaaqudgha, serial_shops,
          shop, minivault_25, uniq_pikel
D:7:      layout_basic, ebering_ghost_reflecting_pool, uniq_prince_ribbit1
D:8:      kennysheep_housing_project, layout_loops_ring, chequers_jeans
D:9:      layout_cave_pods, david_orc_3, minmay_misc_feat_rugged
Temple:   regret_index_temple_sphere_string
Orc:1:    layout_diamond_mine, basic_altar
Orc:2:    st_orc_pillars, layout_caves, uniq_erolcha

Skill      XL: |  1  2  3  4  5  6  7  8  9 10 |
---------------+-------------------------------+-----
Dodging        | 3 4 5 |  5.4
Staves         | 4 5 6 7 9 10 | 10.7
Throwing       | 2 3 5 6 7 8 |  8.8
Fighting       | 3 4 5 6 |  6.1
Stealth        | 1 2 3 4 5 |  5.0
Evocations     | 1 |  1.9
Invocations    | |  0.1

Action                   |  1- 3 |  4- 6 |  7- 9 | 10-12 || total
-------------------------+-------+-------+-------+-------++-------
Melee: Quarterstaff      |    38 |    24 |       |       ||    62
       Tailslap          |     4 |     5 |    13 |    15 ||    37
       Lajatang          |       |    24 |   113 |    86 ||   223
Throw: Javelin           |    12 |    63 |    41 |     5 ||   121
       Throwing net      |     2 |     1 |       |       ||     3
       Dart              |       |       |    15 |    11 ||    26
       Boomerang         |       |       |       |    89 ||    89
Invok: Minor Destruction |       |       |       |     2 ||     2
       Lesser Servant of |       |       |       |     2 ||     2
 Abil: Breathe Dispellin |       |       |     3 |     1 ||     4
Evoke: Wand              |       |       |       |     8 ||     8
  Use: Scroll            |     2 |     9 |     8 |     5 ||    24
       Potion            |       |     3 |     1 |     1 ||     5
 Stab: Sleeping          |     1 |     1 |     3 |     3 ||     8
       Distracted        |       |       |     1 |       ||     1
Armor: Skin              |     8 |    17 |    18 |    16 ||    59
Dodge: Dodged            |    21 |    31 |    77 |    75 ||   204
